 Dungeon Crawl Stone Soup version 0.26.0-45-g9c1d065592 (webtiles) character file.

Game seed: 3031780617367766946

(classic levelgen) 418 thiole the Ducker (level 6, -3/39 HPs)
             Began as an Octopode Hedge Wizard on Feb 1, 2021.
             Slain by Menkaure (7 damage)
             ... on level 4 of the Dungeon.
             The game lasted 00:11:20 (4212 turns).

thiole the Ducker (Octopode Hedge Wizard)           Turns: 4212, Time: 00:11:21

Health: -3/39      AC:  1    Str:  9    XL:     6   Next: 93%
Magic:  7/19       EV: 14    Int: 18    God:
Gold:   137        SH:  0    Dex: 12    Spells: 5/11 levels left

rFire    + + .     SeeInvis .   a - +0 dagger
rCold    + . .     Faith    .   (no shield)
rNeg     + . .     Spirit   .   b - +0 hat
rPois    +         Reflect  .   (no amulet)
rElec    +         Harm     .   f - ring of magical power
rCorr    +         Rampage  .   k - ring of protection from fire
Will     .....                  o - ring of positive energy
Stlth    +++.......             (no ring)
HPRegen  0.13/turn              (no ring)
MPRegen  0.16/turn              (no ring)
                                (no ring)
                                (no ring)

@: resistant
A: almost no armour, stealthy swim, amphibious, 8 rings, constrict 8, camouflage
1, gelatinous body 1
a: no special abilities


You were on level 4 of the Dungeon.
You visited 1 branch of the dungeon, and saw 4 of its levels.

You collected 137 gold pieces.

Inventory:

Hand Weapons
 a - a +0 dagger (weapon)
Missiles
 j - 27 poisoned darts
Armour
 b - a +0 hat (worn)
Jewellery
 f - a ring of magical power (left tentacle)
 k - a ring of protection from fire (right tentacle)
 o - a ring of positive energy (on tentacle)
Wands
 n - a wand of acid (10)
 s - a wand of polymorph (2)
Scrolls
 c - a scroll of amnesia {unknown}
 g - 2 scrolls of remove curse
 h - 4 scrolls of teleportation
 m - a scroll of identify {unknown}
 q - a scroll of magic mapping {unknown}
Potions
 i - a potion of attraction {unknown}
 p - a potion of experience {unknown}
 r - 2 potions of flight {unknown}


   Skills:
 - Level 2.0 Fighting
 - Level 4.0 Dodging
 - Level 2.6 Stealth
 - Level 3.0 Spellcasting
 - Level 3.0 Conjurations
 - Level 1.0 Summonings
 - Level 1.0 Translocations
 + Level 3.9 Air Magic
 - Level 2.0 Poison Magic


You had 5 spell levels left.
You knew the following spells:

 Your Spells              Type           Power        Failure   Level
a - Magic Dart            Conj           52%          4%          1
b - Call Imp              Summ           6%           16%         2
c - Mephitic Cloud        Conj/Pois/Air  13%          14%         3

Your spell library contained the following spells:

 Spells                   Type           Power        Failure   Level
 Blink                    Tloc           N/A          16%         2
 Slow                     Hex            2%           24%         2
 Conjure Flame            Conj/Fire      8%           26%         3


Dungeon Overview and Level Annotations

Branches:
Dungeon (4/15)
 Temple: D:4-7

Altars:
Dithmenos
Sif Muna

Annotations:
D:4 Menkaure


Innate Abilities, Weirdness & Mutations

You cannot wear most types of armour.
You are very stealthy in the water. (Stealth+)
You are amphibious.
You can wear up to eight rings at the same time.
You can use your tentacles to constrict eight enemies at once.
Your skin changes colour to match your surroundings (Stealth+).
Your rubbery body absorbs attacks. (AC +1, EV +1)


Message History

* * * LOW HITPOINT WARNING * * *
Menkaure barely misses you. Something hits you.
* * * LOW HITPOINT WARNING * * *
Something shocks you. You resist.
* * * LOW HITPOINT WARNING * * *
You closely miss something. You squeeze something.
Reactivating autopickup.
You feel a bit more experienced. Menkaure casts a spell at you.
Pain shoots through your body!
* * * LOW HITPOINT WARNING * * *
Unknown command.
Aiming: Corrosive Bolt
Press: ? - help, Shift-Dir - straight line The bolt of acid hits Menkaure!
Menkaure is splashed with acid.
Menkaure is severely damaged.
Menkaure hits you.
* * * LOW HITPOINT WARNING * * *
Menkaure hits you!
You die...

......#[.##...##.?#
......#...##.##..g#
#..... #...#.#g.o#
...... #.'#.#'.# .S
....###...###....
........8........
#...###..)###....
#. ##.'#.#M.## .#
#...#.#.@.#
#...##.##...#
#:.##...##.(# ###
... ### ..... .....
...#..#


You could see Menkaure (fast).

Vanquished Creatures
  A sky beast (D:4)
  Crazy Yiuf (D:2)
  An orc wizard (D:4)
  A worker ant (D:4)
  Natasha (thrice) (D:2)
  2 gnolls
  2 adders
  4 worms
  2 dart slugs (D:1)
  3 leopard geckos
  4 orcs (D:3)
  A ball python (D:1)
  2 giant cockroaches
  4 goblins
  7 hobgoblins
  3 kobolds
  A quokka (D:3)
  10 bats
  5 frilled lizards
  A leopard gecko zombie (D:2)
  7 rats
65 creatures vanquished.

Vanquished Creatures (collateral kills)
  A hound (D:4)
  2 orc wizards (D:3)
  Terence (D:2)
  2 worker ants (D:4)
  3 gnolls (D:3)
  2 orcs (D:3)
  A hobgoblin (D:3)
12 creatures vanquished.

Grand Total: 77 creatures vanquished

Notes
Turn   | Place    | Note
-------+----------+-------------------------------------------
     0 | D:1      | thiole the Octopode Hedge Wizard began the quest for the
                  | Orb.
     0 | D:1      | Reached XP level 1. HP: 11/11 MP: 4/4
   142 | D:1      | Reached XP level 2. HP: 14/17 MP: 1/6
   918 | D:2      | Found a shimmering blue altar of Sif Muna.
   992 | D:3      | Reached XP level 3. HP: 21/21 MP: 1/7
  1073 | D:3      | Found a shadowy altar of Dithmenos.
  1143 | D:3      | Learned a level 2 spell: Call Imp
  1147 | D:3      | Learned a level 3 spell: Mephitic Cloud
  1273 | D:3      | Reached skill level 1 in Fighting
  1403 | D:3      | Reached XP level 4. HP: 29/29 MP: 2/8
  1410 | D:3      | Reached skill level 1 in Air Magic
  2436 | D:2      | Noticed Terence
  2446 | D:2      | Killed Terence
  2447 | D:2      | Reached XP level 5. HP: 34/34 MP: 9/9
  2931 | D:2      | Reached skill level 3 in Dodging
  3030 | D:2      | Found a runed translucent door.
  3031 | D:2      | Noticed Crazy Yiuf
  3069 | D:2      | Noticed Natasha
  3078 | D:2      | Killed Natasha
  3207 | D:2      | Noticed Natasha
  3215 | D:2      | Killed Natasha
  3221 | D:2      | Noticed Natasha
  3234 | D:2      | Killed Natasha
  3235 | D:2      | Reached skill level 4 in Dodging
  3235 | D:2      | Reached skill level 1 in Poison Magic
  3235 | D:2      | Reached XP level 6. HP: 28/39 MP: 3/10
  3585 | D:2      | Killed Crazy Yiuf
  3908 | D:4      | Noticed Menkaure
  4132 | D:4      | Noticed a sky beast
  4211 | D:4      | Killed a sky beast
  4212 | D:4      | Slain by Menkaure

Illustrated notes

Levels and vault maps discovered:
D:1:      nicolae_arrival_somewhat_less_tricky_arrival, layout_loops_ring
D:2:      lemuel_upstairs_altar, layout_loops_ring, uniq_natasha, uniq_terence,
          uniq_crazy_yiuf_cottage
D:3:      layout_loops_ring, hangedman_abyss_or_decor_stabs,
          nicolae_dithmenos_through_a_glass_darkly
D:4:      cheibrodos_barr_body, layout_cave_pools,
          gammafunk_temple_overflow_statue, lemuel_zombie_altar_yredelemnul,
          serial_shops, nicolae_shop_competitors_out_of_business, serial_bayou,
          serial_bayou_lagoon_a, serial_bayou_pond_c, serial_bayou_lagoon_b,
          serial_bayou_shore_b, fedhas_altar_1, uniq_menkaure

Skill      XL: |  1  2  3  4  5  6 |
---------------+-------------------+-----
Conjurations   | 2 3 |  3.0
Fighting       | 2 |  2.0
Air Magic      | 2 3 |  3.9
Dodging        | 4 |  4.0
Poison Magic   | 1 2 |  2.0
Stealth        | |  2.6
Spellcasting   | |  3.0
Summonings     | |  1.0
Translocations | |  1.0

Action                   |  1- 3 |  4- 6 || total
-------------------------+-------+-------++-------
Melee: Dagger            |    19 |    92 ||   111
       Constrict         |     7 |    21 ||    28
       Tentacles         |     2 |    20 ||    22
 Cast: Magic Dart        |    41 |    96 ||   137
       Call Imp          |     9 |    24 ||    33
       Mephitic Cloud    |       |     4 ||     4
Evoke: Wand              |       |     1 ||     1
  Use: Scroll            |     1 |     1 ||     2
       Potion            |       |     7 ||     7
 Stab: Sleeping          |     3 |     4 ||     7
Armor: Skin              |     2 |    11 ||    13
Dodge: Dodged            |    12 |    59 ||    71
